 Dungeon Crawl Stone Soup version 0.24.0-37-gcf1ca852f1 (webtiles) character file.

Game seed: 17719911919850399303, levelgen mode: deterministic

713 FishyPogo the Charmwright (level 7, -7/56 HPs)
             Began as a Gnoll Skald on Dec 1, 2019.
             Mangled by a hippogriff (8 damage)
             ... on level 5 of the Dungeon.
             The game lasted 00:11:06 (2600 turns).

FishyPogo the Charmwright (Gnoll Skald)             Turns: 2600, Time: 00:11:10

Health: -7/56      AC:  6    Str: 15    XL:     7   Next: 69%
Magic:  2/15       EV: 18    Int: 16    God:
Gold:   207        SH:  0    Dex: 14    Spells: 6/17 levels left

rFire    . . .     SeeInvis .   a - +0 spear
rCold    . . .     Gourm    .   (no shield)
rNeg     . . .     Faith    .   b - +0 leather armour
rPois    .         Spirit   .   m - +1 helmet
rElec    .         Reflect  .   (no cloak)
rCorr    .         Harm     .   (no gloves)
MR       .....                  z - +0 pair of boots
Stlth    +.........             n - amulet of the acrobat
HPRegen  1.18/turn              t - ring of attention (curse)
MPRegen  0.14/turn              B - +4 ring of evasion

@: regenerating
A: distributed training, fangs 1, strong nose
a: no special abilities


You were on level 5 of the Dungeon.
You were not hungry.

You visited 1 branch of the dungeon, and saw 5 of its levels.

You collected 207 gold pieces.

Inventory:

Hand Weapons
 a - a +0 spear (weapon)
Missiles
 i - 170 stones (quivered)
 q - 34 poisoned darts
 x - 8 boomerangs of dispersal
 y - 7 boomerangs
Armour
 b - a +0 leather armour (worn)
 m - a +1 helmet (worn)
 z - a +0 pair of boots (worn)
Jewellery
 n - an amulet of the acrobat (around neck)
 t - a cursed ring of attention (left hand)
 B - a +4 ring of evasion (right hand)
Wands
 v - a wand of random effects (22)
 C - a wand of flame (15)
Scrolls
 e - 2 scrolls of enchant weapon {unknown}
 g - a scroll of magic mapping {unknown}
 h - 2 scrolls of remove curse
 p - 3 scrolls of teleportation
 u - 2 scrolls of identify
Potions
 c - a potion of brilliance {unknown}
 f - a potion of curing {unknown}
 j - 2 potions of lignification
 k - 2 potions of degeneration {unknown}
 l - a potion of heal wounds {unknown}
 o - a potion of flight {unknown}
 r - a potion of agility {unknown}
 s - a potion of berserk rage
 w - a potion of might {unknown}
Comestibles
 d - 8 rations


   Skills:
 + Level 5.3 Fighting
 + Level 2.6 Short Blades
 + Level 2.6 Long Blades
 + Level 2.6 Axes
 + Level 2.6 Maces & Flails
 + Level 5.3 Polearms
 + Level 2.6 Staves
 + Level 2.6 Slings
 + Level 2.6 Bows
 + Level 2.6 Crossbows
 + Level 2.6 Throwing
 + Level 3.7 Armour
 + Level 5.3 Dodging
 + Level 2.6 Stealth
 + Level 2.6 Shields
 + Level 2.6 Unarmed Combat
 + Level 5.6 Spellcasting
 + Level 2.1 Conjurations
 + Level 2.1 Hexes
 + Level 5.9 Charms
 + Level 2.1 Summonings
 + Level 2.1 Necromancy
 + Level 2.1 Translocations
 + Level 2.1 Transmutations
 + Level 2.1 Fire Magic
 + Level 2.1 Ice Magic
 + Level 2.1 Air Magic
 + Level 2.1 Earth Magic
 + Level 2.1 Poison Magic
 + Level 2.9 Invocations
 + Level 2.6 Evocations


You had 6 spell levels left.
You knew the following spells:

 Your Spells              Type           Power        Failure   Level  Hunger
h - Regeneration          Chrm/Necr      ###.......   10%         3    ##.....
n - Spectral Weapon       Hex/Chrm       ###.....     10%         3    ##.....
p - Shroud of Golubria    Chrm/Tloc      ###...       4%          2    #......
u - Song of Slaying       Chrm           ###.....     2%          2    #......
y - Infusion              Chrm           ###.         1%          1    None

Your spell library contained the following spells:

 Spells                   Type           Power        Failure   Level  Hunger


Dungeon Overview and Level Annotations

Branches:
Dungeon (5/15)
 Temple: D:4-7

Altars:
Cheibriados
Fedhas
Gozag
Trog


Innate Abilities, Weirdness & Mutations

Your experience applies equally to all skills.
You have very sharp teeth.
Your uncanny sense of smell can sniff out nearby items.


Message History

You bite the hippogriff, but do no damage.
The hippogriff is almost dead.
The hippogriff completely misses you. The hippogriff barely misses you.
The hippogriff claws you!
* * * LOW HITPOINT WARNING * * *
You hit the hippogriff but do no damage.
The hippogriff is almost dead.
You barely miss the hippogriff.
The hippogriff is almost dead.
The hippogriff closely misses you. The hippogriff misses you.
The hippogriff claws you.
* * * LOW HITPOINT WARNING * * *
Casting: Regeneration (safe; 10% risk of failure)
Confirm with . or Enter, or press ? or * to list all spells.
Your skin crawls.
The hippogriff bites you.
* * * LOW HITPOINT WARNING * * *
The hippogriff pecks you!
* * * LOW HITPOINT WARNING * * *
The hippogriff claws you!
You die...

## .. #. #.
#########
##.###.##....(...
......SH@.#######
###...##### #....
#... #.. .. # ∆∆


You could see a hippogriff and an adder.

Vanquished Creatures
  Sigmund (D:2)
  Menkaure (D:4)
  An ogre (D:4)
  2 orc priests (D:4)
  Natasha (thrice) (D:3)
  An orc wizard (D:3)
  A worker ant (D:4)
  Robin (D:2)
  A gnoll (D:1)
  5 adders
  3 oozes
  3 worms (D:2)
  4 dart slugs
  2 leopard geckos
  7 orcs
  3 giant cockroaches
  11 goblins
  8 hobgoblins
  A quokka (D:4)
  2 ball pythons
  11 bats
  4 frilled lizards
  2 kobolds
  11 rats
89 creatures vanquished.

Vanquished Creatures (others)
  3 spectral weapons
3 creatures vanquished.

Grand Total: 92 creatures vanquished

Notes
Turn   | Place    | Note
-------+----------+-------------------------------------------
     0 | D:1      | FishyPogo the Gnoll Skald began the quest for the Orb.
     0 | D:1      | Reached XP level 1. HP: 20/20 MP: 6/6
    99 | D:1      | Reached XP level 2. HP: 25/26 MP: 7/7
   150 | D:1      | Learned a level 2 spell: Song of Slaying
   153 | D:1      | Learned a level 2 spell: Shroud of Golubria
   254 | D:1      | Reached XP level 3. HP: 21/31 MP: 2/9
   259 | D:1      | Learned a level 3 spell: Regeneration
   263 | D:1      | Learned a level 3 spell: Spectral Weapon
   300 | D:1      | Reached skill level 5 in Spellcasting
   691 | D:2      | Reached skill level 1 in Invocations
   863 | D:2      | Found an opulent altar of Gozag.
   882 | D:2      | Reached skill level 1 in Short Blades
   882 | D:2      | Reached skill level 1 in Long Blades
   882 | D:2      | Reached skill level 1 in Axes
   882 | D:2      | Reached skill level 1 in Maces & Flails
   882 | D:2      | Reached skill level 1 in Staves
   882 | D:2      | Reached skill level 1 in Slings
   882 | D:2      | Reached skill level 1 in Bows
   882 | D:2      | Reached skill level 1 in Crossbows
   882 | D:2      | Reached skill level 1 in Throwing
   882 | D:2      | Reached skill level 1 in Stealth
   882 | D:2      | Reached skill level 1 in Shields
   882 | D:2      | Reached skill level 1 in Unarmed Combat
   882 | D:2      | Reached skill level 1 in Evocations
   885 | D:2      | Reached XP level 4. HP: 38/38 MP: 7/11
   944 | D:2      | Noticed Robin
   973 | D:2      | Noticed Sigmund
  1168 | D:2      | Killed Robin
  1168 | D:2      | Reached skill level 1 in Conjurations
  1168 | D:2      | Reached skill level 1 in Hexes
  1168 | D:2      | Reached skill level 1 in Summonings
  1168 | D:2      | Reached skill level 1 in Necromancy
  1168 | D:2      | Reached skill level 1 in Translocations
  1168 | D:2      | Reached skill level 1 in Transmutations
  1168 | D:2      | Reached skill level 1 in Fire Magic
  1168 | D:2      | Reached skill level 1 in Ice Magic
  1168 | D:2      | Reached skill level 1 in Air Magic
  1168 | D:2      | Reached skill level 1 in Earth Magic
  1168 | D:2      | Reached skill level 1 in Poison Magic
  1255 | D:2      | Killed Sigmund
  1255 | D:2      | Reached XP level 5. HP: 37/43 MP: 4/12
  1255 | D:2      | Reached XP level 6. HP: 43/50 MP: 4/13
  1565 | D:3      | Reached skill level 5 in Fighting
  1565 | D:3      | Reached skill level 5 in Polearms
  1565 | D:3      | Reached skill level 5 in Dodging
  1572 | D:3      | Noticed Natasha
  1609 | D:3      | Killed Natasha
  1627 | D:3      | Found a snail-covered altar of Cheibriados.
  1772 | D:3      | Noticed Natasha
  1789 | D:3      | Killed Natasha
  1998 | D:3      | Noticed Natasha
  2004 | D:3      | Killed Natasha
  2221 | D:4      | Found a bloodstained altar of Trog.
  2222 | D:4      | Found a blossoming altar of Fedhas.
  2284 | D:4      | Reached XP level 7. HP: 25/56 MP: 7/15
  2360 | D:4      | Noticed Menkaure
  2394 | D:4      | Killed Menkaure
  2576 | D:5      | Entered Level 5 of the Dungeon
  2579 | D:5      | Noticed a hippogriff
  2600 | D:5      | HP: 1/56 [hippogriff (7)]
  2600 | D:5      | Mangled by a hippogriff

Levels and vault maps discovered:
D:1:      ncdulo_wetmaze, layout_loops_ring
D:2:      layout_basic, nicolae_gozag_seed_capital, first_ration, uniq_robin,
          uniq_sigmund
D:3:      layout_rooms, cheibriados_altar_1, minmay_misc_feat_encased,
          bh_walls_and_bars, uniq_natasha
D:4:      layout_rooms, gammafunk_temple_overflow_statue, uniq_menkaure
D:5:      layout_loops_ring, nicolae_ru_the_path_less_chosen,
          grunt_ministairs_2, minmay_manual_macuahuitl

Skill      XL: |  1  2  3  4  5  6  7 |
---------------+----------------------+-----
Spellcasting   | 5 |  5.6
Invocations    | 1 2 |  2.9
Short Blades   | 1 2 |  2.6
Long Blades    | 1 2 |  2.6
Axes           | 1 2 |  2.6
Maces & Flails | 1 2 |  2.6
Staves         | 1 2 |  2.6
Slings         | 1 2 |  2.6
Bows           | 1 2 |  2.6
Crossbows      | 1 2 |  2.6
Throwing       | 1 2 |  2.6
Stealth        | 1 2 |  2.6
Shields        | 1 2 |  2.6
Unarmed Combat | 1 2 |  2.6
Evocations     | 1 2 |  2.6
Conjurations   | 1 2 |  2.1
Hexes          | 1 2 |  2.1
Summonings     | 1 2 |  2.1
Necromancy     | 1 2 |  2.1
Translocations | 1 2 |  2.1
Transmutations | 1 2 |  2.1
Fire Magic     | 1 2 |  2.1
Ice Magic      | 1 2 |  2.1
Air Magic      | 1 2 |  2.1
Earth Magic    | 1 2 |  2.1
Poison Magic   | 1 2 |  2.1
Armour         | 3 |  3.7
Fighting       | 5 |  5.3
Polearms       | 5 |  5.3
Dodging        | 5 |  5.3
Charms         | |  5.9

Action                   |  1- 3 |  4- 6 |  7- 9 || total
-------------------------+-------+-------+-------++-------
Melee: Spear             |    88 |   149 |    47 ||   284
       Bite              |     8 |    11 |     4 ||    23
 Cast: Infusion          |     4 |     5 |     2 ||    11
       Shroud of Golubri |     1 |       |       ||     1
       Spectral Weapon   |     4 |    14 |     4 ||    22
       Regeneration      |       |     4 |     2 ||     6
  Use: Scroll            |       |     7 |       ||     7
       Potion            |       |       |     1 ||     1
 Stab: Sleeping          |     2 |     4 |       ||     6
       Distracted        |       |     2 |       ||     2
  Eat: Chunk             |       |     7 |     1 ||     8
Armor: Leather armour    |     5 |    26 |     5 ||    36
Dodge: Dodged            |    24 |    61 |    22 ||   107
